 Dungeon Crawl Stone Soup version 0.27.1-33-g824d729ab1 (webtiles) character file.

Game seed: 3715891043815708254

2797 belegose the Covert (level 9, -14/74 HPs)
             Began as a Ghoul Brigand on Dec 26, 2021.
             Was a Priest of Makhleb.
             Demolished by Harold (17 damage)
             ... on level 6 of the Dungeon.
             The game lasted 00:27:05 (10014 turns).

belegose the Covert (Ghoul Brigand)                Turns: 10014, Time: 00:27:06

Health: -14/74     AC:  6    Str: 15      XL:     9   Next: 71%
Magic:  13/13      EV: 12    Int: 11 (13) God:    Makhleb [***...]
Gold:   564        SH:  0    Dex: 11 (12) Spells: 8/8 levels left

rFire    . . .     SeeInvis +   b - +2 quarterstaff (chaos)
rCold    + . .     Faith    .   (shield currently unavailable)
rNeg     + + +     Spirit   .   g - +2 robe {Will+}
rPois    ∞         Reflect  .   (no helmet)
rElec    .         Harm     .   c - +0 cloak
rCorr    .         Rampage  .   n - +0 pair of gloves
Will     +....                  (no boots)
Stlth    ++++......             u - amulet of magic regeneration
HPRegen  0.00/turn              o - ring of see invisible
MPRegen  0.38/turn              r - +6 ring of intelligence

@: marked, inhibited regen
A: claws 1, cold resistance 1, negative energy resistance 3, inhibited
regeneration, torment resistance 2
a: Renounce Religion, Minor Destruction, Lesser Servant of Makhleb


You were on level 6 of the Dungeon.
You worshipped Makhleb.
Makhleb was most pleased with you.
You visited 2 branches of the dungeon, and saw 8 of its levels.
You also visited: Ossuary.

You collected 564 gold pieces.

Inventory:

Hand Weapons
 a - a +2 vampiric dagger
 b - a +2 quarterstaff of chaos (weapon)
 w - a +0 scimitar
Missiles
 e - 4 curare-tipped darts
 i - 132 stones (quivered)
 y - 2 throwing nets
 C - 9 poisoned darts
Armour
 c - a +0 cloak (worn)
 d - a +0 kite shield
 g - a +2 robe of willpower (worn)
 n - a +0 pair of gloves (worn)
Magical Staves
 s - a staff of air
 v - a staff of cold
Jewellery
 o - a ring of see invisible (left hand)
 r - a +6 ring of intelligence (right hand)
 u - an amulet of magic regeneration (around neck)
Wands
 k - a wand of polymorph (11)
Scrolls
 f - a scroll of amnesia {unknown}
 j - a scroll of acquirement {unknown}
 l - 2 scrolls of fog
 m - 2 scrolls of immolation {unknown}
 p - a scroll of noise {unknown}
 q - a scroll of summoning {unknown}
 t - a scroll of blinking {unknown}
 z - a scroll of vulnerability {unknown}
 B - 3 scrolls of teleportation {unknown}
 H - a scroll of brand weapon {unknown}
 I - 5 scrolls of magic mapping {unknown}
Potions
 h - 5 potions of curing
 x - a potion of haste {unknown}
 A - 2 potions of lignification
 D - a potion of might {unknown}
 E - a potion of magic {unknown}
 F - 3 potions of mutation
 G - a potion of ambrosia {unknown}


   Skills:
 + Level 5.0 Fighting
 + Level 6.5 Short Blades
 - Level 2.8 Throwing
 - Level 2.2 Dodging
 + Level 9.4 Stealth
 + Level 1.0 Shields
 + Level 6.9 Invocations


You had 8 spell levels left.
You didn't know any spells.
Your spell library contained the following spells:

 Spells                   Type           Power      Damage    Failure   Level
 Call Imp                 Summ           0%         N/A       47%         2
 Call Canine Familiar     Summ           0%         N/A       71%         3
 Ignite Poison            Fire/Tmut/Pois 0%         N/A       71%         3
 Mephitic Cloud           Conj/Pois/Air  0%         N/A       71%         3
 Portal Projectile        Hex/Tloc       0%         N/A       71%         3
 Leda's Liquefaction      Hex/Erth       0%         N/A       98%         4
 Petrify                  Tmut/Erth      0%         N/A       98%         4
 Bolt of Magma            Conj/Fire/Erth 0%         4d4       100%        5
 Irradiate                Conj/Tmut      0%         3d13      100%        5
 Eringya's Noxious Bog    Tmut/Pois      0%         N/A       100%        6
 Summon Hydra             Summ           0%         N/A       100%        7
 Sublimation of Blood     Necr           Unusable   N/A       N/A         2
 Wereblood                Tmut           Unusable   N/A       N/A         2

Dungeon Overview and Level Annotations

Branches:
Dungeon (7/15)             Temple (1/1) D:4         Ossuary (visited)

Altars:
Gozag
Makhleb
Nemelex Xobeh
Trog
Yredelemnul
The Shining One

Shops:
D:7 *==

Annotations:
D:6 exclusion: ogre, Eustachio, Harold


Innate Abilities, Weirdness & Mutations

You thrive by killing the living.
You are immune to poison.
You have sharp fingernails.
Your flesh is cold resistant. (rC+)
You are immune to negative energy. (rN+++)
You do not regenerate when monsters are visible.
You are immune to unholy pain and torment.


Message History

Level annotation: exclusion: ogre, Eustachio
There is a stone staircase leading down here.
Unknown command.
Harold casts a spell at you. The mark upon you grows brighter.
Harold fires a harpoon shot at you. The harpoon shot hits you!
You are yanked forward by the harpoon shot.
The gnoll completely misses you.
There is an open door here.
Harold points at you and mumbles some strange words.
You barely resist. You hit Harold. You burn Harold.
Harold is lightly wounded.
Harold points at you and mumbles some strange words.
You barely resist. You thump Harold!
Harold is poisoned.
Harold is moderately wounded.
Harold closely misses you.
You closely miss Harold.
Harold is moderately wounded.
Harold hits you with a +0 long sword!
You hit Harold. You burn Harold.
Harold is moderately wounded.
Harold hits you with a +0 long sword!!
* * * LOW HITPOINT WARNING * * *
Harold hits you with a +0 long sword!
* * * LOW HITPOINT WARNING * * *
Unknown command.
It was a potion of lignification.
You feel woody for a moment. Harold barely misses you.
It was a potion of mutation.
You feel extremely strange.
Your body decomposes!
You feel dopey.
Your body decomposes!
You feel dopey.
Your body decomposes!
You feel clumsy. Harold hits you with a +0 long sword!
You die...

....≈≈≈.♣≈≈......#...#≈...######.
.≈.≈≈≈≈≈.≈≈......#...#≈...#.....≈
#.≈..#..♣#.......#...#≈...#.....≈
..≈≈≈≈≈♣.♣.......#...#≈≈≈≈#......
.....≈≈.≈........#...'#####.....≈
...♣..≈.≈#.......#........#..<...
.≈.≈♣≈..##.......#........#.....≈
...≈.♣≈≈.........@........#......
.........#......@#........#......
.........#.......#>.......######.
##.##...##.......#...............
##.##...##+#######...............
.#......#........................
.#......#.......[)..............≈
.#......#.....[..[########......≈
.#......#.........'......########
##......#.........#......# ##≈


You could see Harold (poisoned).

Vanquished Creatures
  Sigmund (D:2)
  A steam dragon (D:7)
  A water moccasin (D:7)
  A hornet zombie (D:6)
  A black bear (D:7)
  A sky beast (D:7)
  2 ogres
  A centaur (D:5)
  Blork the orc (D:5)
  3 elf zombies (Ossuary)
  3 bullfrogs
  A scorpion (D:7)
  2 wyvern skeletons (D:6)
  6 wights (D:7)
  A howler monkey (D:6)
  A bullfrog zombie (D:6)
  6 centaur zombies
  A human zombie (Ossuary)
  A centaur skeleton (D:5)
  A gnoll shaman (D:7)
  2 jellies
  An orc priest (D:5)
  Crazy Yiuf (D:2)
  Jessica (D:2)
  An iguana (D:4)
  3 orc wizards
  Ijyb (D:5)
  3 killer bee zombies
  2 hound zombies (Ossuary)
  4 mummies (Ossuary)
  A howler monkey zombie (D:6)
  5 gnolls (D:7)
  7 adders
  A shadow imp (D:6)
  3 white imps
  2 adder zombies (Ossuary)
  3 worms
  2 dart slugs
  12 orcs
  7 endoplasms
  2 giant cockroaches
  A gnoll zombie (Ossuary)
  4 hobgoblins
  2 jackals (D:2)
  5 quokkas
  4 ball pythons
  4 bats
  5 frilled lizards
  6 goblins
  2 goblin zombies (Ossuary)
  3 jackal zombies (Ossuary)
  3 kobolds
  5 kobold zombies (Ossuary)
  2 orc zombies (Ossuary)
  4 quokka zombies (Ossuary)
  4 rats
  8 rat zombies (Ossuary)
162 creatures vanquished.

Vanquished Creatures (others)
  3 fungi (D:2)
  3 plants (D:2)
6 creatures vanquished.

Grand Total: 168 creatures vanquished

Notes
Turn   | Place    | Note
-------+----------+-------------------------------------------
     0 | D:1      | belegose the Ghoul Brigand began the quest for the Orb.
     0 | D:1      | Reached XP level 1. HP: 17/17 MP: 0/0
   133 | D:1      | Reached skill level 1 in Dodging
   724 | D:1      | Reached XP level 2. HP: 25/25 MP: 1/1
  1219 | D:2      | Reached XP level 3. HP: 30/30 MP: 2/2
  1292 | D:2      | Noticed Sigmund
  1460 | D:2      | Killed Sigmund
  1461 | D:2      | Reached skill level 5 in Stealth
  1461 | D:2      | Reached XP level 4. HP: 29/38 MP: 3/3
  1461 | D:2      | Reached XP level 5. HP: 34/45 MP: 4/4
  1669 | D:2      | Found a burning altar of Makhleb.
  1679 | D:2      | Became a worshipper of Makhleb the Destroyer
  2200 | D:2      | Found a runed translucent door.
  2201 | D:2      | Noticed Crazy Yiuf
  2215 | D:2      | Killed Crazy Yiuf
  2216 | D:2      | Reached XP level 6. HP: 38/51 MP: 5/5
  2411 | D:2      | Reached skill level 1 in Invocations
  2524 | D:2      | Found a faded altar of an unknown god.
  2524 | D:2      | Noticed Jessica
  2662 | D:2      | Killed Jessica
  3032 | D:3      | You fall into a shaft and drop 3 floors!
  3032 | D:6      | Found a basalt altar of Yredelemnul.
  3041 | D:6      | Reached skill level 6 in Stealth
  3083 | D:6      | Reached XP level 7. HP: 57/57 MP: 7/7
  3088 | D:5      | Entered Level 5 of the Dungeon
  3132 | D:4      | Reached * piety under Makhleb
  3274 | D:4      | Found a staircase to the Ecumenical Temple.
  3371 | D:3      | Got the Tome of Calling and Changing
  3565 | Temple   | Entered the Ecumenical Temple
  4176 | D:5      | Noticed Ijyb
  4190 | D:5      | Killed Ijyb
  4452 | D:5      | Found a sparkling altar of Nemelex Xobeh.
  4655 | D:5      | Noticed Blork the orc
  4663 | D:5      | Killed Blork the orc
  4671 | D:5      | Found a bloodstained altar of Trog.
  4732 | D:5      | Reached skill level 7 in Stealth
  4732 | D:5      | Reached XP level 8. HP: 63/63 MP: 8/10
  5261 | D:6      | HP: 2/63 [bullfrog (5)]
  5296 | D:6      | Found an opulent altar of Gozag.
  5466 | D:6      | Noticed Eustachio
  5516 | D:6      | Reached skill level 5 in Short Blades
  5786 | D:6      | Reached ** piety under Makhleb
  5787 | D:6      | Reached skill level 5 in Invocations
  6022 | D:6      | Reached skill level 8 in Stealth
  6227 | D:7      | Found Satietev's Jewellery Boutique.
  6635 | D:7      | Found Meklaug's Jewellery Shoppe.
  6646 | D:7      | Found a sand-covered staircase.
  6652 | Ossuary  | Entered an ossuary
  6920 | Ossuary  | Reached XP level 9. HP: 64/70 MP: 12/12
  7267 | Ossuary  | Reached *** piety under Makhleb
  8038 | D:7      | Reached skill level 9 in Stealth
  8523 | D:7      | Found Wogiym's General Store.
  9344 | D:7      | Reached skill level 5 in Fighting
  9521 | D:7      | Reached skill level 1 in Shields
  9767 | D:7      | Noticed Harold
 10012 | D:6      | HP: 3/74 [Harold (7)]
 10014 | D:6      | Demolished by Harold

Illustrated notes

Levels and vault maps discovered:
D:1:      tarquinn_simple_flora_water_e, layout_basic, serial_corexii_hall,
          corexii_hall_statues_x, corexii_hall_statues_l, st_stairs_1
D:2:      layout_loops_ring, basic_altar, shapermc_ecumenical_altar_ellora,
          minmay_tripent, uniq_jessica, uniq_sigmund, uniq_crazy_yiuf_cottage
D:3:      layout_rooms
D:4:      layout_basic, tso_metal_star, minmay_temple_entry_wispy
D:5:      lemuel_ice_spiral_2, layout_rooms, trog_three_pillars_becter,
          mainiacjoe_overflow_alcove_2, uniq_ijyb, uniq_blork_the_orc
D:6:      layout_gridville, nicolae_gozag_seed_capital,
          nicolae_yredelemnul_corpse_copse, serial_rivers,
          chequers_serial_rivers_large_a, chequers_serial_rivers_room_a,
          chequers_serial_rivers_room_b, chequers_serial_rivers_marsh,
          chequers_serial_rivers_micro_a, uniq_eustachio
D:7:      layout_loops_ring, serial_shops, nicolae_shop_waterfront,
          kennysheep_little_box, nicolae_shop_stone,
          nicolae_ossuary_entry_monument, serial_co_window_serial,
          co_window_paths_a, co_window_corner_a, co_window_corner_a,
          co_window_cross_1, co_window_of_opportunity_a, co_window_corner_b,
          co_window_unsneaky_path_e, co_window_broadway_a,
          co_window_of_opportunity_b, co_window_corner_b, co_window_paths_c,
          co_window_paths_c, co_window_sun, glass_columns_c, glass_columns_c,
          glass_columns_a, uniq_harold
Temple:   nicolae_temple_figure_eight

Skill      XL: |  1  2  3  4  5  6  7  8  9 |
---------------+----------------------------+-----
Dodging        | 1 2 |  2.2
Short Blades   | 2 3 4 5 6 |  6.5
Throwing       | 2 |  2.8
Fighting       | 3 5 |  5.0
Stealth        | 5 6 7 8 9 |  9.4
Invocations    | 2 4 5 6 |  6.9
Shields        | 1 |  1.0

Action                   |  1- 3 |  4- 6 |  7- 9 || total
-------------------------+-------+-------+-------++-------
Melee: Dagger            |    41 |    96 |    78 ||   215
       Long sword        |    13 |       |       ||    13
       Quarterstaff      |       |    17 |   429 ||   446
Throw: Dart              |     7 |    13 |    15 ||    35
       Stone             |       |       |    12 ||    12
Invok: Lesser Servant of |       |       |     1 ||     1
Evoke: Wand              |       |       |     3 ||     3
  Use: Potion            |       |       |     7 ||     7
       Scroll            |       |       |     5 ||     5
 Stab: Sleeping          |     3 |     8 |    19 ||    30
       Petrified         |       |       |     2 ||     2
       Distracted        |       |       |     1 ||     1
       Invisible         |       |       |     1 ||     1
       Petrifying        |       |       |     1 ||     1
       Paralysed         |       |       |     1 ||     1
Armor: Robe              |    28 |    25 |   210 ||   263
Dodge: Dodged            |    28 |    53 |   353 ||   434
       Rpst.: Long sword |     2 |       |       ||     2
